 Dungeon Crawl Stone Soup version 0.31.0-11-ge490571c62 (webtiles) character file.

Game seed: 16004382694124328803

2795 qw the Skirmisher (level 9, -1/51 (53) HPs)
             Began as a Deep Elf Hunter on Feb 4, 2024.
             Slain by a wight
             ... wielding a +4 long sword
              (8 damage)
             ... on level 7 of the Dungeon.
             The game lasted 00:00:32 (4573 turns).

qw the Skirmisher (Deep Elf Hunter)                 Turns: 4573, Time: 00:00:32

HP:   -1/51 (53)    AC: 11    Str: 10    XL:     9   Next: 43%
MP:   11/11         EV: 14    Int: 15    God:
Gold: 290           SH:  0    Dex: 20    Spells: 8/8 levels left

rFire   + + .        a - +1 shortbow (drain)
rCold   + . .        (shield currently unavailable)
rNeg    . . .        i - +2 ring mail {rF+}
rPois   .            (no helmet)
rElec   +            j - +0 cloak
rCorr   .            g - +1 pair of gloves
SInv    .            b - +0 pair of boots of the Enchanted Forest {rElec rC+}
Will    +....        (no amulet)
Stlth   +            e - ring of willpower
HPRegen 0.28/turn    o - ring of protection from fire
MPRegen 0.12/turn

%: no passive effects
@: lightly drained
A: no striking features
a: no special abilities


You were on level 7 of the Dungeon.
You visited 1 branch of the dungeon, and saw 7 of its levels.

You collected 290 gold pieces.


   Skills:
 - Level 4.8 Fighting
 - Level 14.0 Ranged Weapons
 - Level 2.1 Armour
 + Level 6.6 Dodging
 - Level 1.2 Stealth


You had 8 spell levels left.
You didn't know any spells.
Your spell library was empty.

Inventory:

Hand Weapons
 a - a +1 shortbow of draining (weapon)
Armour
 b - the +0 pair of boots of the Enchanted Forest (worn) {rElec rC+}
   (You acquired it on level 2 of the Dungeon)

   rC+:       It protects you from cold.
   rElec:     It insulates you from electricity.
 g - a +1 pair of gloves (worn)
 i - a +2 ring mail of fire resistance (worn)
 j - a +0 cloak (worn)
Jewellery
 e - a ring of willpower (left hand)
 o - a ring of protection from fire (right hand)
 Y - a +6 ring of strength
Wands
 f - a wand of light (16)
 n - a wand of charming (5)
Potions
 h - a potion of might
 k - 2 potions of mutation
 l - a potion of resistance
 s - a potion of curing

Dungeon Overview and Level Annotations

Branches:
Dungeon (7/15)
 Temple: D:4-7

Altars:
Dithmenos

Annotations:
D:3 2 transporters, qw's ghost, amateur DEHu
D:5 1 runed translucent door, qw's ghost, novice DEHu


Message History

The wight closely misses you.
You shoot an arrow. The arrow hits the wight.
You destroy the wight!
The wight barely misses you. The wight closely misses you.
A wight comes into view. It is wielding a +4 long sword.
Your life force feels restored.
Your Armour skill increases to level 2!
You shoot an arrow. The arrow barely misses the wight.
The wight barely misses you. The wight closely misses you.
You shoot an arrow. The arrow barely misses the wight.
The wight barely misses you. The wight hits you with a +3 battleaxe!
You feel drained.
You shoot an arrow. The arrow completely misses the wight.
The wight barely misses you. The wight hits you with a +3 battleaxe!
You feel drained.
You shoot an arrow. The arrow hits the wight.
The wight is moderately damaged.
You shoot an arrow. The arrow hits the wight.
The wight is heavily damaged.
The wight barely misses you. x2
You shoot an arrow. The arrow hits the wight!
You destroy the wight!
The wight hits you with a +3 battleaxe!
You shoot an arrow. The arrow hits the wight!
The wight is severely damaged.
The wight hits you but does no damage.
You shoot an arrow. The arrow closely misses the wight.
The wight hits you with a +4 long sword.
You feel drained. The wight barely misses you.
You shoot an arrow. The arrow completely misses the wight.
The wight hits you but does no damage. The wight hits you with a +3 battleaxe.
You shoot an arrow. The arrow closely misses the wight.
You shoot an arrow. The arrow hits the wight!
You destroy the wight!
A wyvern comes into view.
The wight completely misses you.
You shoot an arrow. The arrow barely misses the wight.
The wyvern hisses angrily.
The wight hits you with a +4 long sword!
You die...

......... ....k....
[........
#.............#
#.............#
#)............#
#)z...........#
#@)...........+
#.............#
#.............#
#######.............#
#.......######......#
#.......# #.<....#
#.......# #......#
#.......# #......+
#.......# #......#


You could see a wyvern and a wight.

Vanquished Creatures
  Pikel (D:6)
  A steam dragon (D:6)
  2 water moccasins (D:6)
  A sky beast (D:6)
  An ice beast (D:6)
  A black bear (D:6)
  2 ogres (D:6)
  A centaur (D:5)
  A lemure (D:6)
  2 phantoms
  3 kobold brigands (D:6)
  A bullfrog (D:6)
  2 scorpions (D:5)
  4 wights (D:7)
  A howler monkey (D:6)
  A bombardier beetle (D:5)
  6 hounds
  A jelly (D:6)
  An orc priest (D:3)
  2 iguanas (D:5)
  3 sleepcaps
  4 orc wizards
  9 adders
  A shadow imp (D:5)
  4 dart slugs
  2 ribbon worms
  13 orcs
  3 endoplasms
  7 giant cockroaches
  7 goblins
  3 hobgoblins (D:1)
  6 jackals
  12 kobolds
  2 quokkas (D:4)
  3 ball pythons
  10 frilled lizards
  10 rats
134 creatures vanquished.

Vanquished Creatures (others)
  An adder (D:6)
1 creature vanquished.

Grand Total: 135 creatures vanquished

Notes
Turn   | Place    | Note
-------+----------+-------------------------------------------
     0 | D:1      | qw the Deep Elf Hunter began the quest for the Orb.
     0 | D:1      | Reached XP level 1. HP: 12/12 MP: 3/3
     0 | D:1      | 0 ||| qw: Version: 0.3-a-160-g6735b56
     0 | D:1      | 0 ||| qw: Game counter: 4787
     0 | D:1      | 0 ||| qw: Melee chars always use a shield: true
     0 | D:1      | 0 ||| qw: God list: Okawaru
     0 | D:1      | 0 ||| qw: Allow faded altars: false
     0 | D:1      | 0 ||| qw: Do Orc after clearing Dungeon:15 true
     0 | D:1      | 0 ||| qw: Do second Lair branch before Depths: true
     0 | D:1      | 0 ||| qw: Lair rune preference: random
     0 | D:1      | 0 ||| qw: Goals: Normal
     0 | D:1      | 0 ||| PLANNING D:1-11
   178 | D:1      | Reached skill level 6 in Ranged Weapons
   178 | D:1      | Reached XP level 2. HP: 16/16 MP: 4/4
   573 | D:1      | 573 ||| UPGRADING to +2 ring mail of fire resistance.
   583 | D:1      | 583 ||| DROPPING +0 leather armour.
   584 | D:1      | 584 ||| DROPPING amulet of magic regeneration.
   585 | D:1      | 585 ||| READING scroll labelled XIUNEI TIORUEQ.
   589 | D:1      | 589 ||| READING scroll labelled TILEOC DUOLI.
   590 | D:1      | 590 ||| READING 3 scrolls labelled XEEGOG BETI.
   590 | D:1      | 590 ||| IDENTIFYING coppery potion
   591 | D:1      | 591 ||| READING 2 scrolls of identify.
   591 | D:1      | 591 ||| IDENTIFYING fizzy puce potion
   592 | D:1      | 592 ||| READING scroll of identify.
   592 | D:1      | 592 ||| IDENTIFYING 2 red potions
   593 | D:1      | 593 ||| READING scroll labelled ERHECVUIRI.
   594 | D:1      | 594 ||| READING scroll labelled EGHUF XOMEH.
   594 | D:1      | 594 ||| BRANDING +0 shortbow.
   595 | D:1      | 595 ||| DROPPING scroll of butterflies.
   596 | D:1      | 596 ||| DROPPING potion of lignification.
   719 | D:2      | Reached XP level 3. HP: 19/20 MP: 5/5
  1078 | D:2      | Reached skill level 7 in Ranged Weapons
  1239 | D:2      | 1239 ||| UPGRADING to +0 pair of gloves.
  1244 | D:2      | 1244 ||| READING 3 scrolls of identify.
  1244 | D:2      | 1244 ||| IDENTIFYING yellow potion
  1245 | D:2      | 1245 ||| READING 2 scrolls of identify.
  1245 | D:2      | 1245 ||| IDENTIFYING 2 white potions
  1246 | D:2      | 1246 ||| READING scroll of identify.
  1246 | D:2      | 1246 ||| IDENTIFYING scroll labelled UFIQ XIWKAO
  1246 | D:2      | Identified a scroll of acquirement
  1247 | D:2      | 1247 ||| READING scroll of acquirement.
  1247 | D:2      | 1247 ||| ACQUIRING +0 pair of boots of the Enchanted Forest
                  | {rElec rC+}
  1247 | D:2      | Acquired the +0 pair of boots of the Enchanted Forest
                  | {rElec rC+}
  1249 | D:2      | 1249 ||| UPGRADING to +0 pair of boots of the Enchanted
                  | Forest {rElec rC+}.
  1254 | D:2      | 1254 ||| READING scroll labelled LAASEQ OHOZA.
  1255 | D:2      | 1255 ||| READING scroll labelled UCKANU QATEDINKI.
  1356 | D:2      | 1356 ||| DROPPING potion of ambrosia.
  1383 | D:3      | Reached XP level 4. HP: 25/25 MP: 6/6
  1471 | D:3      | Reached skill level 8 in Ranged Weapons
  1557 | D:3      | Reached XP level 5. HP: 28/29 MP: 7/7
  1615 | D:3      | Found a transporter.
  1816 | D:3      | Noticed qw's ghost (amateur DEHu)
  1840 | D:3      | Found a transporter.
  1886 | D:3      | 1886 ||| READING scroll of identify.
  1886 | D:3      | 1886 ||| IDENTIFYING scroll labelled MIBRIO VUBUIDD
  1887 | D:3      | 1887 ||| READING scroll labelled NYFYTWELAI.
  1988 | D:3      | 1988 ||| DROPPING scroll of summoning.
  2303 | D:4      | Reached skill level 9 in Ranged Weapons
  2410 | D:4      | 2410 ||| UPGRADING to +0 cloak.
  2415 | D:4      | 2415 ||| UPGRADING to ring of protection from fire.
  2416 | D:4      | 2416 ||| READING scroll of identify.
  2416 | D:4      | 2416 ||| IDENTIFYING pink potion
  2417 | D:4      | 2417 ||| READING scroll labelled LIXOT CEYMAJE.
  2417 | D:4      | 2417 ||| ENCHANTING +0 pair of gloves.
  2422 | D:5      | Entered Level 5 of the Dungeon
  2428 | D:5      | Found a runed translucent door.
  2428 | D:5      | Noticed qw's ghost (novice DEHu)
  2454 | D:5      | Reached XP level 6. HP: 35/35 MP: 8/8
  2509 | D:5      | Reached skill level 1 in Armour
  2684 | D:5      | Reached skill level 10 in Ranged Weapons
  2771 | D:5      | Reached skill level 3 in Dodging
  2838 | D:5      | Reached XP level 7. HP: 40/40 MP: 9/9
  3098 | D:5      | 3098 ||| UPGRADING to +6 ring of strength.
  3099 | D:5      | 3099 ||| READING 3 scrolls of identify.
  3099 | D:5      | 3099 ||| IDENTIFYING fuming emerald potion
  3100 | D:5      | 3100 ||| READING 2 scrolls of identify.
  3100 | D:5      | 3100 ||| IDENTIFYING scroll labelled HUTEIDEPTA
  3101 | D:5      | 3101 ||| DROPPING scroll of fog.
  3121 | D:6      | 3121 ||| STAIRDANCE
  3129 | D:6      | 3129 ||| STAIRDANCE
  3170 | D:6      | 3170 ||| STAIRDANCE
  3176 | D:5      | HP: 10/40 [poisoned by a scorpion]
  3177 | D:5      | 3177 ||| DRINKING 2 potions of heal wounds.
  3288 | D:6      | 3288 ||| STAIRDANCE
  3304 | D:5      | Reached skill level 11 in Ranged Weapons
  3407 | D:6      | 3407 ||| STAIRDANCE
  3465 | D:6      | Found a shadowy altar of Dithmenos.
  3523 | D:6      | Reached XP level 8. HP: 44/44 MP: 10/10
  3570 | D:6      | Noticed Pikel
  3573 | D:6      | Reached skill level 12 in Ranged Weapons
  3573 | D:6      | 3573 ||| DRINKING 2 potions of haste.
  3589 | D:6      | 3589 ||| RETREEEEATING.
  3590 | D:6      | 3590 ||| RETREEEEATING.
  3591 | D:6      | 3591 ||| RETREEEEATING.
  3592 | D:6      | 3592 ||| RETREEEEATING.
  3593 | D:6      | 3593 ||| RETREEEEATING.
  3600 | D:6      | Killed Pikel
  3706 | D:6      | 3706 ||| DRINKING potion of haste.
  4114 | D:6      | 4114 ||| RETREEEEATING.
  4127 | D:6      | Reached skill level 13 in Ranged Weapons
  4185 | D:6      | 4185 ||| RETREEEEATING.
  4189 | D:6      | Reached XP level 9. HP: 50/53 MP: 11/11
  4214 | D:6      | Reached skill level 14 in Ranged Weapons
  4381 | D:6      | 4381 ||| FLEEEEING.
  4382 | D:6      | 4382 ||| FLEEEEING.
  4383 | D:6      | 4383 ||| FLEEEEING.
  4384 | D:6      | 4384 ||| FLEEEEING.
  4385 | D:6      | 4385 ||| FLEEEEING.
  4390 | D:6      | HP: 13/53 [poisoned by a kobold brigand]
  4391 | D:6      | 4391 ||| DRINKING potion of heal wounds.
  4397 | D:6      | Reached skill level 6 in Dodging
  4458 | D:6      | 4458 ||| UPGRADING to ring of willpower.
  4460 | D:6      | 4460 ||| UPGRADING to ring of protection from fire.
  4462 | D:6      | 4462 ||| READING 2 scrolls of identify.
  4462 | D:6      | 4462 ||| IDENTIFYING fuming red potion
  4463 | D:6      | 4463 ||| READING scroll of identify.
  4463 | D:6      | 4463 ||| IDENTIFYING glowing coppery potion
  4464 | D:6      | 4464 ||| READING scroll labelled BEICLO PEGIZUD.
  4464 | D:6      | 4464 ||| ENCHANTING +0 shortbow of draining.
  4465 | D:6      | 4465 ||| READING scroll labelled LAIPEF QOERE.
  4466 | D:6      | 4466 ||| DRINKING 2 amethyst potions.
  4467 | D:6      | 4467 ||| DROPPING potion of berserk rage.
  4468 | D:6      | 4468 ||| DROPPING potion of attraction.
  4569 | D:7      | HP: 9/51 [wight/+4 long sword (4)]
  4573 | D:7      | Slain by a wight

Levels and vault maps discovered:
D:1:      amcnicky_arrival_double_pillar, layout_rooms, serial_bayou_lake_a
D:2:      layout_loops_cross, minmay_circled_x
D:3:      layout_loops_ring, gammafunk_ghost_stat_death
D:4:      layout_rooms
D:5:      layout_basic, hellmonk_ghost_happy_afterlife, minmay_lizard_king
D:6:      layout_basic, marbit_many_paths, minmay_joined_circles, uniq_pikel
D:7:      layout_gridville, minmay_temple_entry_wispy

Skill      XL: |  1  2  3  4  5  6  7  8  9 |
---------------+----------------------------+-----
Ranged Weapons | 6 7 8 9 10 11 13 14 | 14.0
Fighting       | 2 4 |  4.8
Armour         | 1 2 |  2.1
Dodging        | 3 4 5 6 |  6.6
Stealth        | |  1.2

Action                     |  1- 3 |  4- 6 |  7- 9 || total
---------------------------+-------+-------+-------++-------
   Fire: Shortbow          |    83 |   139 |   257 ||   479
    Use: Scroll            |    13 |     4 |     6 ||    23
         Potion            |       |       |     5 ||     5
 Armour: Leather armour    |     2 |       |       ||     2
         Ring mail         |     3 |    25 |   103 ||   131
  Dodge: Dodged            |     4 |    30 |   102 ||   136

Table legend:
 A = Non-vault XP
 B = Vault XP
 C = Vault XP percentage of total XP
 D = Non-vault monster count
 E = Vault monster count
 F = Vault count percentage of total count
                 A         B        C        D         E       F
            +---------+---------+-------+---------+---------+-------
      Total |    1971 |    2022 |  50.6 |     102 |      31 |  23.3
            +---------+---------+-------+---------+---------+-------
        D:1 |      33 |       0 |   0.0 |      22 |       0 |   0.0
        D:2 |      31 |       8 |  20.5 |      11 |       4 |  26.7
        D:3 |     151 |       0 |   0.0 |      15 |       0 |   0.0
        D:4 |     128 |       0 |   0.0 |      16 |       0 |   0.0
        D:5 |     689 |      47 |   6.4 |      21 |       9 |  30.0
        D:6 |     647 |    1967 |  75.2 |      13 |      18 |  58.1
        D:7 |     292 |       0 |   0.0 |       4 |       0 |   0.0
            +---------+---------+-------+---------+---------+-------
